 Dungeon Crawl Stone Soup version 0.30-a0-1043-g60ff8d5f49 (webtiles) character file.

Game seed: 4051328755992105930

188 Pimp the Trooper (level 5, -7/43 (47) HPs)
             Began as a Hill Orc Fighter on Apr 10, 2023.
             Mangled by a wight
             ... wielding a +0 great sword
              (16 damage)
             ... on level 3 of the Dungeon.
             The game lasted 00:06:18 (2411 turns).

Pimp the Trooper (Hill Orc Fighter)                 Turns: 2411, Time: 00:06:19

HP:   -7/43 (47)    AC:  7    Str: 19    XL:     5   Next: 67%
MP:   5/5           EV: 10    Int: 11    God:
Gold: 186           SH:  4    Dex: 10    Spells: 4/4 levels left

rFire   . . .      SeeInvis .    a - +0 war axe
rCold   . . .      Faith    .    c - +0 buckler
rNeg    . . .      Spirit   .    o - +1 toga "Victory" {*Victory Int+1 Slay+1 Clar}
rPois   .          Reflect  .    (no helmet)
rElec   .          Rampage  .    m - +2 cloak
rCorr   .          Clarity  +    e - +0 pair of gloves
Will    .....                    (no boots)
Stlth   +                        (no amulet)
HPRegen 0.27/turn                (no ring)
MPRegen 0.09/turn                (no ring)

@: drained
A: no striking features
a: no special abilities


You were on level 3 of the Dungeon.
You visited 1 branch of the dungeon, and saw 4 of its levels.

You collected 186 gold pieces.

Inventory:

Hand Weapons
 a - a +0 war axe (weapon)
Armour
 b - a +0 scale mail
 c - a +0 buckler (worn)
 e - a +0 pair of gloves (worn)
 m - a +2 cloak (worn)
 o - the +1 toga "Victory" (worn) {*Victory Int+1 Slay+1 Clar}
   (You found it on level 2 of the Dungeon)

   *Victory:  When the wearer kills a threatening monster, it has a chance to
   gain +1 AC, +1 Slay, and +1 Int, capping at +7.
   When the wearer uses a scroll or a potion with a hostile monster in sight,
   its bonuses reset to +0.
   Unequipping it also resets its bonuses to +0.
   Int:       It affects your intelligence (+1).
   Slay:      It affects your accuracy & damage with ranged weapons and melee
   (+1).
   Clar:      It protects you against confusion.
Scrolls
 g - a scroll of enchant weapon {unknown}
 i - a scroll of amnesia {unknown}
 j - a scroll of identify {unknown}
 k - a scroll of enchant armour {unknown}
 l - a scroll of silence {unknown}
 r - a scroll of poison {unknown}
 t - a scroll of immolation {unknown}
 u - a scroll of magic mapping {unknown}
 x - a scroll of blinking {unknown}
 y - a scroll of acquirement {unknown}
Potions
 d - a potion of might
 f - a potion of degeneration {unknown}
 h - 2 potions of heal wounds {unknown}
 n - 3 potions of haste {unknown}
 p - a potion of berserk rage {unknown}
 q - a potion of ambrosia {unknown}
 s - 3 potions of flight {unknown}
 v - a potion of mutation {unknown}
 w - a potion of magic {unknown}


   Skills:
 + Level 4.8 Fighting
 + Level 4.4 Axes
 + Level 4.3 Armour
 + Level 4.4 Shields


You had 4 spell levels left.
You didn't know any spells.
Your spell library contained the following spells:

 Spells                   Type           Power      Damage    Failure   Level
 Cigotuvi's Dreadful Rot  Necr/Pois/Air  0%         N/A       56%         2
 Ignite Poison            Fire/Tmut/Pois 0%         N/A       80%         3
 Freezing Cloud           Conj/Ice/Air   0%         6-21      100%        5


Dungeon Overview and Level Annotations

Branches:
Dungeon (4/15)
 Temple: D:4-7

Altars:

Shops:
D:4 **


Message History

3 wights come into view.
Found Tajexei's General Store.
There is a stone staircase leading up here.
You closely miss the wight.
The wight hits you with a +0 great sword!
The wight barely misses you.
You climb upwards.
There is a stone staircase leading down here.
You barely miss the wight. The wight closely misses you.
You hit the wight.
The wight is moderately damaged.
The wight hits you with a +0 great sword!
You feel drained. The wight barely misses you.
You closely miss the wight.
The wight is moderately damaged.
The wight hits you with a +0 great sword.
You feel drained.
You hit the wight but do no damage.
The wight is moderately damaged.
The wight closely misses you.
You completely miss the wight.
The wight is moderately damaged.
You block the wight's attack.
The wight hits you with a +0 great sword.
You feel drained.
You hit the wight but do no damage.
The wight is moderately damaged.
The wight closely misses you.
You barely miss the wight.
The wight is moderately damaged.
The wight hits you but does no damage.
You closely miss the wight.
The wight is moderately damaged.
The wight barely misses you.
The wight hits you with a +0 great sword!
* * * LOW HITPOINT WARNING * * *
You hit the wight.
The wight is heavily damaged.
The wight hits you with a +0 great sword!
You die...

.......##(##># #.# #.....#
##..##.##.##.# #.# #.#####
#..##.##.##.# #.# #.#
#..##.##.##.#####.# #.#
#..##.............# #.#
#..#####.....###### #.#
#..########..# #.#
#........<#..##########.#
#..######.#....@........#
#..##..........z..####..#
#..##..#........#.# #..#
#.........)..##.#.# #..#
#.#....#..##.#....# #..#
#.........##......####..########
#.#.##<#.##........#............
#.#.##....#..............#######
#.#.##..#..........#.###.#


You could see a wight.

Vanquished Creatures
  A sleepcap (D:4)
  8 adders
  2 dart slugs (D:1)
  2 orcs
  3 ball pythons
  5 bats
  9 endoplasms
  5 giant cockroaches
  9 goblins
  5 hobgoblins
  7 jackals (D:1)
  7 kobolds
  7 quokkas
  3 frilled lizards
  4 rats (D:1)
77 creatures vanquished.

Notes
Turn   | Place    | Note
-------+----------+-------------------------------------------
     0 | D:1      | Pimp the Hill Orc Fighter began the quest for the Orb.
     0 | D:1      | Reached XP level 1. HP: 19/19 MP: 1/1
    46 | D:1      | Reached XP level 2. HP: 27/27 MP: 2/2
   201 | D:1      | Reached XP level 3. HP: 33/33 MP: 3/3
   674 | D:2      | Found the +0 toga "Victory" {*Victory Clar}
   779 | D:2      | Reached XP level 4. HP: 40/40 MP: 4/4
  1376 | D:3      | Reached XP level 5. HP: 34/47 MP: 5/5
  2367 | D:4      | Found Ynwimor's Specific Store.
  2368 | D:4      | Found Tajexei's General Store.
  2411 | D:3      | Mangled by a wight

Illustrated notes

Levels and vault maps discovered:
D:1:      evilmike_arrival_crescent, layout_basic, minmay_misc_feat_columns
D:2:      layout_rooms
D:3:      layout_loops_ring, chequers_serial_rivers_micro_b
D:4:      layout_loops_ring, nicolae_specific_store

Skill      XL: |  1  2  3  4 |
---------------+-------------+-----
Axes           | 3 4 |  4.4
Fighting       | 4 |  4.8
Armour         | 4 |  4.3
Shields        | 4 |  4.4

Action                     |  1- 3 |  4- 6 || total
---------------------------+-------+-------++-------
  Melee: War axe           |    80 |   131 ||   211
   Stab: Sleeping          |       |     1 ||     1
 Armour: Scale mail        |    52 |       ||    52
         Robe              |       |    61 ||    61
  Dodge: Dodged            |    64 |    74 ||   138
  Block: Buckler           |    29 |    27 ||    56

Table legend: (Time is in decaauts)
 A = Elapsed time spent in this place.
 B = Non-inter-level travel time spent in this place.
 C = Inter-level travel time spent in this place.
 D = Time resting spent in this place.
 E = Time spent auto-exploring this place.
 F = Levels seen in this place.
 G = Mean time per level.
                   A        B        C        D        E       F      G
               +--------+--------+--------+--------+--------+-----+--------+
         Total |   2485 |   2400 |     85 |    106 |   1663 |   4 |  621.2 |
       Dungeon |   2485 |   2400 |     85 |    106 |   1663 |   4 |  621.2 |
               +--------+--------+--------+--------+--------+-----+--------+

Top non-repeatable levels by time:
     D:3: 770 daAuts
     D:2: 678 daAuts
     D:4: 542 daAuts
     D:1: 493 daAuts
